 Dungeon Crawl Stone Soup version 0.31.0-4-g52a2dc7128 (webtiles) character file.

Game seed: 1595092880058832913

208735 Tinttamiau the Fighter (level 18, -1/185 HPs)
             Began as an Oni Air Elementalist on Jan 22, 2024.
             Was the Champion of Vehumet.
             Shot with an arrow by a +0 longbow (21 damage)
             ... on level 2 of the Elven Halls on Jan 23, 2024.
             The game lasted 01:39:50 (41450 turns).

Tinttamiau the Fighter (Oni Air Elementalist)      Turns: 41450, Time: 01:39:51

Health: -1/185     AC: 17    Str: 17 (23) XL:     18   Next: 79%
Magic:  18/43      EV:  1    Int: 17 (26) God:    Vehumet [******]
Gold:   1762       SH:  0    Dex: -1 (4)  Spells: 10/41 levels left

rFire   + + .        a - +4 demon trident (drain)
rCold   + + +        H - +4 kite shield {rC+ rF+}
rNeg    + . .        Z - quicksilver dragon scales "Yckius" {rC+ Will+ Stlth+}
rPois   +            G - +1 hat {Will+}
rElec   +            A - +0 cloak of Heohei {rC+ Int+4}
rCorr   .            (gloves unavailable)
SInv    .            (boots unavailable)
Will    +++++        E - amulet of Zaoruiq {Reflect +Inv rElec Regen+ Dex-5 SH+5} Stlth
                     J - ring of Bumid {Will+ MP+9 Str+6}
HPRegen 1.30/turn    n - ring "Plog" {rPois rF+ rN+}
MPRegen 0.28/turn

%: reflection
@: slowed, lost dexterity, very slow
A: large, unfitting armour, horns 1, tough skin 1, double potion healing,
drunken brawling, strong-willed 1
}: 1/15 runes: barnacled
a: Renounce Religion, Evoke Invisibility


You were on level 2 of the Elven Halls.
You worshipped Vehumet.
Vehumet was exalted by your worship.
You visited 7 branches of the dungeon, and saw 32 of its levels.
You also visited: Trove, Gauntlet and Ice Cave.

You collected 3486 gold pieces.
You spent 1724 gold pieces at shops.

Inventory:

Hand Weapons
 a - a +4 demon trident of draining (weapon)
Missiles
 m - a throwing net
Armour
 c - the +1 troll leather armour "Murgh" {Regen+ Int+4}
   (You found it in a treasure trove)

   Int+4:     It affects your intelligence (+4).
   Regen+:    It increases your rate of health regeneration.
 d - the +0 hat of Umnamen {Int+2}
   (You found it in a treasure trove)

   Int+2:     It affects your intelligence (+2).
 e - the +9 scales of the Dragon King {rPois rF+ rC+ Will+}
   (You took it off a skeletal warrior on level 14 of the Dungeon)

   rF+:       It protects you from fire.
   rC+:       It protects you from cold.
   rPois:     It protects you from poison Will+: It increases your willpower.
 A - the +0 cloak of Heohei (worn) {rC+ Int+4}
   (You acquired it on level 8 of the Dungeon)

   Int+4:     It affects your intelligence (+4).
   rC+:       It protects you from cold.
 G - a +1 hat of willpower (worn)
 H - a +4 kite shield of resistance (worn)
 Z - the quicksilver dragon scales "Yckius" (worn) {rC+ Will+ Stlth+}
   (You found it in a treasure trove)

   rC+:       It protects you from cold.
   Will+:     It increases your willpower.
   Stlth+:    It makes you more stealthy.
Magical Staves
 W - a staff of air
Jewellery
 k - a ring of resist corrosion
 l - a ring of poison resistance
 n - the ring "Plog" (right hand) {rPois rF+ rN+}
   (You found it on level 3 of the Dungeon)

   [ring of positive energy]

   rF+:       It protects you from fire.
   rPois:     It protects you from poison rN+: It protects you from negative
   energy.
 o - the ring "Muted" {rF+ Stlth+}
   (You found it on level 4 of the Shoals)

   [ring of protection from fire]

   rF+:       It protects you from fire.
   Stlth+:    It makes you more stealthy.
 y - a ring of protection from cold
 z - a ring of willpower
 E - the amulet of Zaoruiq (around neck) {Reflect +Inv rElec Regen+ Dex-5 SH+5}
   (You found it in a Gauntlet)

   [amulet of reflection]

   Reflect:   It reflects blocked missile attacks.
   Dex-5:     It affects your dexterity (-5).
   rElec:     It insulates you from electricity.
   +Inv:      It lets you turn invisible.
   Regen+:    It increases your rate of health regeneration.
   SH+5:      It affects your SH (+5).
 J - the ring of Bumid (left hand) {Will+ MP+9 Str+6}
   (You bought it in a shop on level 2 of the Orcish Mines)

   [ring of strength]

   Str+6:     It affects your strength (+6).
   Will+:     It increases your willpower.
   MP+9:      It affects your magic capacity (+9).
 Y - an amulet of regeneration
Wands
 C - a wand of paralysis (8)
 K - a wand of mindburst (12)
 O - a wand of iceblast (3)
 X - a wand of flame (30)
Scrolls
 b - 5 scrolls of brand weapon
 f - 4 scrolls of blinking
 g - 4 scrolls of fear
 h - 4 scrolls of silence
 i - 4 scrolls of poison
 j - 3 scrolls of torment
 q - 10 scrolls of teleportation
 s - 7 scrolls of noise
 v - a scroll of revelation
 x - 5 scrolls of fog
 B - 3 scrolls of vulnerability
 I - a scroll of acquirement
 N - 2 scrolls of immolation
 U - a scroll of amnesia
Potions
 r - 2 potions of berserk rage
 t - 2 potions of magic
 u - 4 potions of enlightenment
 w - a potion of resistance
 D - 4 potions of mutation
 F - 3 potions of might
 M - 2 potions of haste
 P - a potion of lignification
 Q - a potion of invisibility
 R - 2 potions of attraction
Miscellaneous
 L - a phantom mirror
 S - a tin of tremorstones (1/2)
 T - a phial of floods


   Skills:
 - Level 13.1 Fighting
 - Level 12.0 Polearms
 - Level 11.9 Armour
 - Level 8.0 Dodging
 - Level 1.4 Stealth
 + Level 10.2 Shields
 - Level 12.0 Spellcasting
 - Level 7.2 Conjurations
 - Level 7.0 Translocations
 * Level 12.0 Ice Magic
 - Level 13.0 Air Magic


You had 10 spell levels left.
You knew the following spells:

 Your Spells              Type           Power      Damage    Failure   Level
a - Shock                 Conj/Air       100%       1d9       1%          1
b - Static Discharge      Conj/Air       88%        3-7/arc   1%          2
c - Airstrike             Air            26%        2d(4-20)  1%          4
d - Swiftness             Air            53%        N/A       1%          3
e - Apportation           Tloc           68%        N/A       1%          1
f - Blink                 Tloc           68%        N/A       1%          2
g - Freezing Cloud        Conj/Ice/Air   23%        6-21      2%          5
h - Conjure Ball Lightni  Conj/Air       22%        3x3d6     16%         6
i - Ozocubu's Refrigerat  Ice            25%        4d13      32%         7

Your spell library contained the following spells:

 Spells                   Type           Power      Damage    Failure   Level
 Ignition                 Fire           5%         3d4       100%        8
 Chain Lightning          Conj/Air       22%        3d29      100%        9
 Shatter                  Erth           5%         3d8*      100%        9
 Freeze                   Ice            100%       1d10      1%          1
 Magic Dart               Conj           100%       1d8       1%          1
 Sting                    Conj/Alch      88%        1d8       1%          1
 Lesser Beckoning         Tloc           68%        N/A       1%          2
 Momentum Strike          Conj/Tloc      68%        3d9       1%          2
 Frozen Ramparts          Ice            100%       1d16      1%          3
 Hailstorm                Conj/Ice       43%        3d9       1%          3
 Mephitic Cloud           Conj/Alch/Air  33%        N/A       1%          3
 Ozocubu's Armour         Ice            50%        N/A       1%          3
 Ensorcelled Hibernation  Hex/Ice        60%        N/A       3%          2
 Gell's Gravitas          Tloc           34%        N/A       3%          3
 Teleport Other           Tloc           34%        N/A       3%          3
 Iskenderun's Mystic Bla  Conj/Tloc      34%        2d8       3%          4
 Volatile Blastmotes      Fire/Tloc      44%        2d13      4%          3
 Summon Ice Beast         Ice/Summ       30%        N/A       6%          3
 Fulminant Prism          Conj/Alch      11%        3d9       13%         4
 Manifold Assault         Tloc           34%        N/A       13%         4
 Passage of Golubria      Tloc           34%        N/A       13%         4
 Necrotise                Necr           40%        1d6       22%         1
 Slow                     Hex            40%        N/A       22%         1
 Call Imp                 Summ           20%        N/A       34%         2
 Metabolic Englaciation   Hex/Ice        15%        N/A       47%         5
 Confusing Touch          Hex            10%        N/A       56%         3
 Fugue of the Fallen      Necr           10%        N/A       56%         3
 Sigil of Binding         Hex            10%        N/A       56%         3
 Tukima's Dance           Hex            10%        N/A       56%         3
 Vampiric Draining        Necr           10%        2d6       56%         3
 Lee's Rapid Deconstruct  Erth           5%         3d6*      80%         5
 Yara's Violent Unravell  Hex/Alch       5%         3d4       80%         5
 Bombard                  Conj/Erth      11%        9d3       86%         6
 Dispersal                Tloc           17%        N/A       89%         6
 Anguish                  Hex/Necr       5%         N/A       92%         4
 Leda's Liquefaction      Alch/Erth      5%         N/A       92%         4
 Martyr's Knell           Necr/Summ      10%        N/A       92%         4
 Sculpt Simulacrum        Ice/Alch       15%        N/A       96%         6
 Alistair's Intoxication  Alch           6%         N/A       99%         5
 Borgnjor's Vile Clutch   Necr/Erth      5%         N/A       99%         5
 Curse of Agony           Necr           10%        N/A       99%         5
 Eringya's Noxious Bog    Alch           5%         4d6       100%        6
 Discord                  Hex            5%         N/A       100%        8
 Disjunction              Tloc           17%        N/A       100%        8
 Polar Vortex             Ice            25%        12d3*     100%        9


Dungeon Overview and Level Annotations

Branches:
Dungeon (15/15)            Temple (1/1) D:4            Lair (5/5) D:11
 Shoals (4/4) Lair:2       Spider (3/4) Lair:3        Slime (0/5) Lair:4
    Orc (2/2) D:9             Elf (2/3) Orc:2        Vaults (0/5) D:14
 Depths (0/4) D:15          IceCv (visited)         Gauntlet (visited)

Altars:
Ashenzari
Cheibriados
Dithmenos
Elyvilon
Fedhas
Gozag
Hepliaklqana
Kikubaaqudgha
Makhleb
Nemelex Xobeh
Okawaru
Qazlal
Ru
Sif Muna
Trog
Uskayaw
Vehumet
Wu Jian
Xom
Yredelemnul
Zin
The Shining One
Jiyva

Shops:
D:4 ?   D:8 [*(   D:10 (   Orc:2 (=[*   Elf:2 [   Shoals:4 (

Annotations:
D:4 2 runed translucent doors, Anaz's ghost, amateur DgFi
D:8 1 runed translucent door
Lair:3 exclusion: oklob plant
Shoals:2 3 runed translucent doors, Ohon's ghost, adept DsFi
Shoals:4 2 transporters, royokou's ghost, adept GrEE
Spider:3 Mara


Innate Abilities, Weirdness & Mutations

You are too large for most types of armour.
You have a pair of small horns on your head.
You have tough skin. (AC +1)
You gain doubled healing and magic from potions.
Whenever you drink a healing potion, you attack all around you.
You are strong-willed. (Will+)


Message History

Okay, then.
Casting: Airstrike (safe; 1% risk of failure)
Confirm with . or Enter, or press ? or * to list all spells.
Aiming: Airstrike (safe; 1% risk of failure)
Press: ? - help, Dir - move target, f - +0 longbow
Aim: a +0 longbow (empty space bonus: 6/8)
The air twists around and strikes the +0 longbow!
The +0 longbow is moderately damaged.
The +0 shortbow shoots an arrow.
The arrow hits you.
* * * LOW HITPOINT WARNING * * *
A +0 arbalest comes into view.
The +0 longbow shoots an arrow.
The arrow hits you!
* * * LOW HITPOINT WARNING * * *
The +0 shortbow shoots an arrow.
The arrow hits you but does no damage.
The +0 longbow shoots an arrow.
The arrow hits you.
* * * LOW HITPOINT WARNING * * *
The +0 longbow shoots an arrow.
The arrow hits you!
* * * LOW HITPOINT WARNING * * *
The +0 arbalest moves out of view.
You take a swig of the potion and twirl your +4 demon trident of draining.
You hit the +0 longbow.
The +0 longbow is heavily damaged.
You puncture the +0 longbow!
The +0 longbow falls from the air.
Vehumet accepts your kill.
You savour every drop.
You feel better.
The +0 shortbow shoots an arrow.
The arrow hits you.
* * * LOW HITPOINT WARNING * * *
The +0 shortbow shoots an arrow.
The arrow hits you.
* * * LOW HITPOINT WARNING * * *
The +0 longbow shoots an arrow.
The arrow hits you!!
* * * LOW HITPOINT WARNING * * *
The +0 shortbow shoots an arrow.
The arrow completely misses you.
Your Ice Magic skill increases to level 12!
Blink to where?
Press: ? - help, Dir - move target, p - +0 longbow
As you read the scroll of blinking, it crumbles to dust.
Unknown command.
The +0 longbow shoots an arrow.
The arrow hits you!!
You die...

# #.# ####.### ###### .#
###...>..# #..... ..
....##.#.# ##.....
#.##..##.#.#####......
.##..........)<.##<.....
..####..##.#[##..)......
#...@.....#####...... ...
###..[.[....###......
....###..##.#.#.####.....
..(.#.#..##.#.#..........
.....#...##.#.#..........
.....##.......#..........
.....((#.)....#..........
......$.#.....#..........
....##ยง#.#)#.##.........


You could see 2 dancing weapons.

Vanquished Creatures
  Jorgrun (Shoals:3)
  Gastronok (Orc:1)
  2 krakens
  A fire giant (D:14)
  A frost giant (IceCv)
  A deep elf sorcerer (Elf:1)
  2 orc warlords (Orc:2)
  2 formless jellyfish
  A stone giant (D:14)
  3 deep elf death magi (Elf:1)
  A minotaur (Gauntlet)
  Snorg (D:14)
  9 merfolk impalers
  3 entropy weavers
  5 merfolk javelineers (Shoals:4)
  Josephine (D:14)
  An entropy weaver (shapeshifter) (D:14)
  A fire dragon (Lair:5)
  A deep elf high priest (Elf:1)
  3 hydras
  An ice dragon (Lair:5)
  2 rakshasas (D:15)
  4 merfolk avatars
  5 two-headed ogres
  4 merfolk aquamancers
  Erica (D:10)
  3 alligator snapping turtles
  8 centaur warriors
  6 boulder beetles
  4 satyrs
  7 dancing weapons
  A tengu warrior (D:14)
  6 death yaks (IceCv)
  A demonic crawler (Spider:1)
  2 occultists (D:15)
  5 orc high priests
  Nergalle (Orc:1)
  A skeletal warrior (D:14)
  6 deep elf knights
  4 pharaoh ants
  A skyshark (Shoals:1)
  A flayed ghost (D:14)
  A glowing orange brain (shapeshifter) (Elf:2)
  7 sea snakes
  A swamp dragon (Lair:5)
  5 orb spiders (Spider:1)
  7 deep elf archers
  A sun moth (Spider:3)
  2 lindwurms (Lair:5)
  A harpy (shapeshifter) (Elf:1)
  3 steelbarb worms
  5 orc knights
  10 harpies
  15 deep elf zephyrmancers
  5 ugly things
  8 wolf spiders
  A necromancer (D:15)
  12 manticores
  16 fauns
  4 cyclopes
  15 deep elf pyromancers
  4 orc sorcerers (Orc:2)
  2 kobold blastminers (Orc:1)
  20 elephants
  6 meliai
  A moth of wrath (Spider:1)
  An ice statue (IceCv)
  9 merfolk sirens
  A centaur zombie (D:15)
  A centaur skeleton (D:15)
  10 torpor snails
  6 black mambas
  6 water nymphs
  7 cane toads
  A gargoyle (D:14)
  Jeremiah (D:8)
  An unseen horror (D:12)
  A hellion (Gauntlet)
  3 yaktaurs (D:15)
  3 rime drakes (Lair:5)
  5 komodo dragons
  2 kobold demonologists
  4 tengu conjurers
  36 merfolk
  3 trolls
  11 polar bears
  A tarantella (shapeshifter) (D:14)
  3 tyrant leeches (Lair:5)
  12 hornets
  5 wind drakes (Shoals:4)
  A polar bear (shapeshifter) (D:14)
  25 tarantellas
  2 wolf spider simulacra
  A troll (shapeshifter) (D:14)
  Prince Ribbit (D:5)
  10 blink frogs
  4 snapping turtles
  13 jumping spiders
  21 water elementals
  2 centaur simulacra (D:14)
  A slime creature (D:14)
  A vampire (D:10)
  A wyvern (Lair:3)
  11 culicivoras
  8 wraiths
  A yak (shapeshifter) (Elf:2)
  44 yaks
  2 basilisks
  5 vampire mosquitoes
  6 steam dragons
  23 redbacks
  5 wargs
  16 water moccasins
  8 acid dragons
  A hell hound (Gauntlet)
  An ice beast (D:6)
  2 swamp drakes
  36 orc warriors
  2 sky beasts (D:6)
  A meliai simulacrum (D:14)
  A black bear (Lair:1)
  9 ogres
  5 centaurs
  31 wolves
  3 phantoms
  14 bullfrogs
  2 earth elementals
  2 gnoll sergeants
  A scorpion (Lair:2)
  14 wights
  17 killer bees
  A vampire bat (D:3)
  A howler monkey (D:5)
  2 hounds
  A bombardier beetle (D:7)
  30 orc priests
  A jelly (D:6)
  Jessica (D:2)
  5 iguanas
  33 orc wizards
  2 hell rats (Lair:5)
  2 sleepcaps (D:6)
  18 gnolls
  9 river rats (Lair:5)
  8 adders
  12 white imps (D:13)
  2 ufetubi (D:7)
  4 dart slugs
  3 fire bats (D:3)
  2 ribbon worms (D:2)
  90 orcs
  2 spectral bats (D:3)
  7 ball pythons
  A bat simulacrum (D:3)
  3 bat skeletons (D:3)
  A bat zombie (D:3)
  9 endoplasms
  7 giant cockroaches
  3 goblins
  10 hobgoblins
  9 jackals
  2 quokkas
  20 bats
  4 frilled lizards
  A goblin skeleton (D:8)
  9 kobolds
  3 rats
  A butterfly (Lair:4)
  2 tentacles
1075 creatures vanquished.

Vanquished Creatures (others)
  A merfolk aquamancer (Shoals:4)
  A death yak (IceCv)
  A boggart (D:14)
  12 ball lightnings
  6 tentacles
21 creatures vanquished.

Grand Total: 1096 creatures vanquished

Notes
Turn   | Place    | Note
-------+----------+-------------------------------------------
     0 | D:1      | Tinttamiau the Oni Air Elementalist began the quest for the
                  | Orb.
     0 | D:1      | Reached XP level 1. HP: 16/16 MP: 3/3
    68 | D:1      | Reached skill level 1 in Conjurations
   122 | D:1      | Reached XP level 2. HP: 24/24 MP: 2/5
   160 | D:1      | Learned a level 2 spell: Static Discharge
   463 | D:1      | Reached XP level 3. HP: 16/31 MP: 1/7
   584 | D:1      | Learned a level 3 spell: Swiftness
  1535 | D:2      | Reached XP level 4. HP: 20/39 MP: 1/9
  1635 | D:2      | Noticed Jessica
  1642 | D:2      | Killed Jessica
  1719 | D:2      | Learned a level 4 spell: Airstrike
  2237 | D:2      | Reached XP level 5. HP: 6/45 MP: 3/10
  2771 | D:3      | Identified the ring "Plog" {rPois rF+ rN+}
  3313 | D:3      | Reached XP level 6. HP: 51/53 MP: 2/12
  3919 | D:4      | Reached skill level 5 in Spellcasting
  3921 | D:4      | Reached XP level 7. HP: 51/59 MP: 3/14
  4103 | D:4      | Found a staircase to the Ecumenical Temple.
  4122 | Temple   | Entered the Ecumenical Temple
  4139 | Temple   | Became a worshipper of Vehumet
  4184 | D:4      | Found Zoem's Magic Scroll Boutique.
  4212 | D:4      | Bought a scroll of teleportation for 42 gold pieces
  4212 | D:4      | Bought a scroll of teleportation for 42 gold pieces
  4212 | D:4      | Bought a scroll of identify for 28 gold pieces
  4257 | D:4      | Found a large runed translucent door.
  4257 | D:4      | Found a large runed translucent door.
  4261 | D:4      | Noticed Anaz's ghost (amateur DgFi)
  4597 | D:4      | Found a burning altar of Makhleb.
  4602 | D:4      | Found a sacrificial altar of Ru.
  4879 | D:5      | Entered Level 5 of the Dungeon
  4879 | D:5      | Noticed Prince Ribbit
  4886 | D:5      | Killed Prince Ribbit
  4887 | D:5      | Reached skill level 5 in Air Magic
  5055 | D:5      | Noticed a hornet
  5060 | D:5      | Killed a hornet
  5061 | D:5      | Reached XP level 8. HP: 67/67 MP: 9/17
  5191 | D:5      | Found a blossoming altar of Fedhas.
  6433 | D:6      | Reached * piety under Vehumet
  6433 | D:6      | Offered knowledge of Foxfire by Vehumet.
  6446 | D:6      | Reached XP level 9. HP: 54/74 MP: 2/21
  6598 | D:6      | Got Mysticism for Beginners
  7363 | D:6      | Learned a level 1 spell: Apportation
  7593 | D:6      | Reached skill level 1 in Fighting
  8133 | D:7      | Found a snail-covered altar of Cheibriados.
  8135 | D:7      | Found a glowing golden altar of the Shining One.
  8135 | D:7      | Found a shadowy altar of Dithmenos.
  8137 | D:7      | Found a shimmering altar of Xom.
  8137 | D:7      | Found a shimmering blue altar of Sif Muna.
  8137 | D:7      | Found a sacrificial altar of Ru.
  8567 | D:8      | Noticed a hornet
  8571 | D:8      | Killed a hornet
  8612 | D:8      | Reached skill level 5 in Fighting
  8612 | D:8      | Reached XP level 10. HP: 77/96 MP: 0/23
  8859 | D:8      | Found Xaniokh's Assorted Antiques.
  8864 | D:8      | Bought 2 green potions for 45 gold pieces
  8864 | D:8      | Bought a scroll of teleportation for 75 gold pieces
  8864 | D:8      | Bought a scroll of identify for 50 gold pieces
  8864 | D:8      | Bought a puce potion for 22 gold pieces
  8864 | D:8      | Bought a puce potion for 22 gold pieces
  8864 | D:8      | Identified a scroll of acquirement
  8882 | D:8      | Acquired the +0 cloak of Heohei {rC+ Int+4}
  8896 | D:8      | Found Pil Laca's Antique Weapon Boutique.
  8899 | D:8      | Noticed Jeremiah
  8916 | D:8      | Killed Jeremiah
  9006 | D:8      | Reached ** piety under Vehumet
  9006 | D:8      | Offered knowledge of Sandblast by Vehumet.
  9248 | D:8      | Reached skill level 1 in Translocations
  9320 | D:8      | Found a runed translucent door.
  9330 | D:8      | Found a basalt altar of Yredelemnul.
  9383 | D:8      | Noticed a two-headed ogre
  9397 | D:8      | Killed a two-headed ogre
  9398 | D:8      | Reached skill level 5 in Dodging
  9518 | D:8      | Found Gatysoiw's Antique Armour Shoppe.
 10098 | D:9      | Offered knowledge of Mercury Vapours by Vehumet.
 10129 | D:9      | Found a staircase to the Orcish Mines.
 10529 | D:9      | Noticed a kobold demonologist
 10529 | D:9      | Noticed a cyclops
 10529 | D:9      | Noticed a six-headed hydra
 10530 | D:9      | Noticed a tengu warrior
 10530 | D:9      | Noticed a two-headed ogre
 10530 | D:9      | Noticed a guardian serpent
 10530 | D:9      | Noticed a boulder beetle
 10540 | D:9      | Noticed a meliai
 10550 | D:9      | Reached XP level 11. HP: 109/110 MP: 24/24
 10806 | D:9      | Noticed a centaur warrior
 10905 | D:9      | Noticed a steelbarb worm
 10927 | D:10     | Entered Level 10 of the Dungeon
 10927 | D:10     | Noticed Erica
 10987 | D:10     | Reached *** piety under Vehumet
 11280 | D:10     | Killed Erica
 11354 | D:10     | Learned a level 2 spell: Blink
 11562 | D:10     | Found Zoex's Antique Weapon Shoppe.
 11666 | D:10     | Found a hide-covered altar of Uskayaw.
 11827 | D:10     | Noticed a two-headed ogre
 11833 | D:10     | Killed a two-headed ogre
 11834 | D:10     | Reached skill level 10 in Spellcasting
 11834 | D:10     | Reached skill level 10 in Air Magic
 11992 | D:11     | Noticed a boulder beetle
 12000 | D:11     | Killed a boulder beetle
 12100 | D:11     | Offered knowledge of Inner Flame by Vehumet.
 12251 | D:11     | Noticed a manticore
 12253 | D:11     | Killed a manticore
 12280 | D:11     | Noticed a cyclops
 12284 | D:11     | Killed a cyclops
 12356 | D:11     | Noticed a two-headed ogre
 12359 | D:11     | Killed a two-headed ogre
 12402 | D:11     | Reached skill level 10 in Fighting
 12695 | D:11     | Found a staircase to the Lair.
 12934 | Lair:1   | Entered Level 1 of the Lair of Beasts
 13315 | Lair:1   | Reached XP level 12. HP: 72/126 MP: 27/27
 13492 | Lair:1   | Reached **** piety under Vehumet
 14639 | Lair:1   | Reached skill level 1 in Polearms
 14640 | Lair:1   | Offered knowledge of Volatile Blastmotes by Vehumet.
 14937 | Lair:2   | Noticed an eight-headed hydra
 14942 | Lair:2   | Killed an eight-headed hydra
 15847 | Lair:2   | Reached skill level 5 in Polearms
 15883 | Lair:2   | Found a staircase to the Shoals.
 16556 | Lair:3   | Reached XP level 13. HP: 133/133 MP: 29/29
 16870 | Lair:3   | Reached skill level 1 in Armour
 17064 | Lair:3   | Found a hole to the Spider Nest.
 18132 | Lair:4   | Found a viscous altar of Jiyva.
 18133 | Lair:4   | Found a staircase to the Slime Pits.
 18691 | Lair:5   | Entered Level 5 of the Lair of Beasts
 18766 | Lair:4   | Reached skill level 5 in Translocations
 18937 | Lair:5   | Reached ***** piety under Vehumet
 18943 | Lair:5   | Found a gate leading to a gauntlet.
 18956 | Lair:5   | Offered knowledge of Freezing Cloud by Vehumet.
 18962 | Gauntlet | Entered a Gauntlet
 18962 | Gauntlet | Found a runed translucent door.
 18962 | Gauntlet | Found a transporter.
 18962 | Gauntlet | Found a transporter.
 18962 | Gauntlet | Found a runed translucent door.
 18962 | Gauntlet | Found a transporter.
 19111 | Gauntlet | Found a transporter.
 19124 | Gauntlet | Found a transporter.
 19127 | Gauntlet | Found a transporter.
 19134 | Gauntlet | Found a transporter.
 19152 | Gauntlet | Found a transporter.
 19156 | Gauntlet | Found a runed translucent door.
 19159 | Gauntlet | Found a transporter.
 19162 | Gauntlet | Found a transporter.
 19170 | Gauntlet | Found a transporter.
 19173 | Gauntlet | Found a transporter.
 19271 | Gauntlet | Paralysed by a hornet for 1 turns
 19522 | Gauntlet | Identified the ring of Sarphuim {rPois rN+ rCorr Dex+3}
 19525 | Gauntlet | Gained mutation: Your body sometimes deteriorates upon
                  | taking damage. [a shining eye]
 19606 | Gauntlet | Identified the +0 scale mail of Misanthropy {rC+ Str-4
                  | Dex+2}
 19607 | Gauntlet | Identified the amulet of Zaoruiq {Reflect +Inv rElec Regen+
                  | Dex-5 SH+5}
 19633 | Gauntlet | Noticed a minotaur
 19643 | Gauntlet | Killed a minotaur
 19716 | Gauntlet | Identified the ring "Felimp" {Ice Dex+5}
 19720 | Gauntlet | Got Sif Muna's Volume of the Plutonic Blizzard
 19745 | Gauntlet | Identified the +2 pair of boots of Shadows and Fog {rF+
                  | rCorr}
 19779 | Lair:5   | Lost mutation: Your body sometimes deteriorates upon taking
                  | damage. [potion of mutation]
 19779 | Lair:5   | Gained mutation: Your spells are a little harder to cast,
                  | but a little more powerful. [potion of mutation]
 19779 | Lair:5   | Lost mutation: Your spells are a little harder to cast, but
                  | a little more powerful. [potion of mutation]
 19779 | Lair:5   | Gained mutation: You are strong-willed. (Will+) [potion of
                  | mutation]
 20343 | Lair:5   | Reached skill level 5 in Armour
 20369 | Lair:5   | Reached XP level 14. HP: 143/143 MP: 10/30
 20897 | Lair:5   | Learned a level 5 spell: Freezing Cloud
 21604 | Lair:5   | Reached skill level 1 in Ice Magic
 23836 | D:13     | Found a frozen archway.
 23858 | IceCv    | Entered an ice cave
 23988 | IceCv    | Offered knowledge of Ignite Poison by Vehumet.
 24051 | IceCv    | Reached skill level 5 in Conjurations
 24573 | IceCv    | Noticed a frost giant
 24596 | IceCv    | Killed a frost giant
 24607 | IceCv    | Reached XP level 15. HP: 87/156 MP: 31/31
 25098 | D:14     | Found a portal to a secret trove of treasure.
 25100 | D:14     | Noticed Snorg
 25111 | D:14     | Killed Snorg
 25112 | D:14     | Reached skill level 5 in Ice Magic
 25226 | D:14     | You paid a toll of 6 scrolls of fog to enter a treasure
                  | trove
 25227 | Trove    | Entered a treasure trove
 25234 | Trove    | Identified the quicksilver dragon scales "Yckius" {rC+
                  | Will+ Stlth+}
 25236 | Trove    | Identified the +1 troll leather armour "Murgh" {Regen+
                  | Int+4}
 25248 | Trove    | Identified the +0 robe "Laolo Yva" {rCorr Stlth+}
 25249 | Trove    | Identified the +0 hat of Umnamen {Int+2}
 25260 | Trove    | Identified the +2 robe of the Hall of Blades {*Slow Regen+
                  | Str+2}
 25261 | Trove    | Identified the +0 robe "Veniviuh" {-Cast Str+3}
 25266 | Trove    | Identified the +3 pearl dragon scales "Douget" {Harm rN+
                  | Slay+3}
 25271 | Trove    | Identified the scarf of the King of the Hill {+Inv, rElec
                  | rPois Regen+ Dex-5}
 25277 | Trove    | Identified the +2 robe of Amorality {rF+}
 25279 | Trove    | Identified the +2 cloak "Pyih" {+Blink Will+ Dex+3}
 25328 | D:14     | Noticed Josephine
 25341 | D:14     | Killed Josephine
 25531 | D:14     | Offered knowledge of Starburst by Vehumet.
 25597 | D:14     | Found an ancient bone altar of Kikubaaqudgha.
 25675 | D:14     | Found a gate to the Vaults.
 25967 | D:14     | Noticed a fire giant
 25973 | D:14     | Killed a fire giant
 26520 | D:14     | Acquired a +0 kite shield of resistance
 27147 | D:15     | Entered Level 15 of the Dungeon
 27346 | D:15     | Identified the +0 scale mail of Duty {rElec Str+5}
 27449 | D:15     | Reached skill level 1 in Shields
 27839 | D:15     | Found a staircase to the Depths.
 28331 | Orc:1    | Entered Level 1 of the Orcish Mines
 28331 | Orc:1    | Noticed Gastronok
 28481 | Orc:1    | Noticed Nergalle
 28602 | Orc:1    | Killed Nergalle
 28618 | Orc:1    | Killed Gastronok
 28773 | Orc:1    | Offered knowledge of Conjure Ball Lightning by Vehumet.
 28805 | Orc:1    | Learned a level 6 spell: Conjure Ball Lightning
 29142 | Orc:2    | Entered Level 2 of the Orcish Mines
 29231 | Orc:2    | Noticed an orc warlord
 29232 | Orc:2    | Reached XP level 16. HP: 150/167 MP: 16/32
 29543 | Orc:2    | Offered knowledge of Plasma Beam by Vehumet.
 29774 | Orc:2    | Found a staircase to the Elven Halls.
 30116 | Orc:2    | Found Pouk Kuy's General Store.
 30117 | Orc:2    | Found Bof Cuju's Jewellery Shoppe.
 30119 | Orc:2    | Found Migify's Antique Armour Shoppe.
 30119 | Orc:2    | Found Niankiah's Antique Weapon Emporium.
 30135 | Orc:2    | Bought the ring of Bumid {Will+ MP+9 Str+6} for 1080 gold
                  | pieces
 30139 | Orc:2    | Bought a scroll of blinking for 97 gold pieces
 30139 | Orc:2    | Bought a potion of heal wounds for 65 gold pieces
 30139 | Orc:2    | Bought a scroll of fog for 52 gold pieces
 30139 | Orc:2    | Bought a potion of mutation for 104 gold pieces
 30398 | Shoals:1 | Entered Level 1 of the Shoals
 30750 | Shoals:1 | Noticed a kraken
 30757 | Shoals:1 | Killed a kraken
 31179 | Shoals:2 | Found a runed translucent gate.
 31179 | Shoals:2 | Found a runed translucent gate.
 31179 | Shoals:2 | Found a runed translucent gate.
 31180 | Shoals:2 | Noticed Ohon's ghost (adept DsFi)
 31282 | Shoals:2 | Reached skill level 10 in Polearms
 32163 | Shoals:2 | Noticed a kraken
 32175 | Shoals:2 | Killed a kraken
 32405 | Shoals:2 | Reached skill level 5 in Shields
 32757 | Shoals:3 | Noticed Jorgrun
 32764 | Shoals:3 | Killed Jorgrun
 32920 | Shoals:3 | Reached skill level 10 in Armour
 33214 | Shoals:3 | Identified the +0 chain mail of Action {Str+4}
 33750 | Shoals:3 | Reached XP level 17. HP: 176/176 MP: 33/33
 33810 | Shoals:3 | Reached ****** piety under Vehumet
 34109 | Shoals:4 | Entered Level 4 of the Shoals
 34109 | Shoals:4 | Found Karuargh's Weapon Emporium.
 34156 | Shoals:4 | Offered knowledge of Fireball by Vehumet.
 34256 | Shoals:4 | Identified the ring "Muted" {rF+ Stlth+}
 34298 | Shoals:4 | Found a transporter.
 34371 | Shoals:4 | Noticed royokou's ghost (adept GrEE)
 34380 | Shoals:4 | Found a bloodstained altar of Trog.
 34586 | Shoals:4 | Found a transporter.
 35184 | Shoals:4 | Got a barnacled rune of Zot
 35523 | Shoals:4 | Offered knowledge of Ozocubu's Refrigeration by Vehumet.
 35533 | Shoals:4 | Learned a level 7 spell: Ozocubu's Refrigeration
 36084 | Shoals:4 | Paralysed by a formless jellyfish for 1 turns
 36240 | Spider:1 | Entered Level 1 of the Spider Nest
 37414 | Spider:1 | Reached XP level 18. HP: 185/185 MP: 19/34
 38004 | Spider:2 | Offered knowledge of Shatter by Vehumet.
 38004 | Spider:2 | Offered knowledge of Chain Lightning by Vehumet.
 38004 | Spider:2 | Offered knowledge of Ignition by Vehumet.
 38289 | Spider:2 | Lost dexterity.
 38907 | Spider:2 | Reached skill level 10 in Ice Magic
 39143 | Spider:3 | Noticed Mara
 39497 | Elf:1    | Entered Level 1 of the Elven Halls
 39991 | Elf:1    | HP: 8/185 [+1 scimitar of protection (8)]
 40775 | Elf:1    | Got the Codex of Supportive Percussion
 41030 | Elf:1    | Reached skill level 10 in Shields
 41435 | Elf:2    | Found Abliac's Armour Shop.
 41450 | Elf:2    | Shot with an arrow by a +0 longbow

Illustrated notes

Levels and vault maps discovered:
D:1:      lemuel_arrival_tunnels, layout_basic, minmay_tromino_mix6
D:2:      layout_loops_cross, uniq_jessica
D:3:      layout_loops_ring, st_stairs_13, goddamned_bats
D:4:      layout_gridville, mainiacjoe_overflow_big_doors,
          minmay_temple_entry_junction_2, serial_shops, shop_scrolls,
          ebering_ghost_disaster_area
D:5:      layout_cave_pods, fedhas_altar_2, uniq_prince_ribbit1
D:6:      layout_layer_cave, minmay_fractal_squares_5
D:7:      layout_rooms, doesnt_xom_only_xom
D:8:      layout_basic, dk_yredelemnul_ordeal, serial_shops, shop,
          nicolae_shop_tiny_statue_garden, shop, uniq_jeremiah
D:9:      layout_big_octagon, erik_orc_1, minivault_12
D:10:     layout_loops_corners, nicolae_uskayaw_murder_on_the_dancefloor,
          serial_shops, shop, uniq_erica
D:11:     layout_roguey, erik_lair_orcish_takeover
D:12:     layout_roguey, kennysheep_nondescript
D:13:     layout_small_grid, portal_ice_cave_entry_imps
D:14:     evilmike_diamond_1, layout_rooms, hellmonk_vaults_attempted_burglary,
          nicolae_benzene_ring, enter_trove_2, kiku_gazebo_garden_becter,
          uniq_snorg, uniq_josephine
D:15:     grunt_enter_depths_magical_seal, layout_long_grid, nicolae_tricolors
Temple:   lightli_temple_of_artemis
Lair:1:   layout_cave_pods
Lair:2:   layout_loops_ring, minmay_shoals_entry_hut
Lair:3:   layout_long_grid, spider_nest_entry_rubble,
          nicolae_lair_grove_arrangements, st_stairs_12,
          minmay_lair_oklob_bushes, beast_lair_carwin_9
Lair:4:   layout_roguey, slime_entry_1, lemuel_fruit_fields, lemuel_fruit_tree
Lair:5:   guppyfry_lair_end_dragon, layout_regular_city, wormcave,
          gauntlet_entry_generic, kennysheep_rathole
Shoals:1: layout_shoals, nicolae_shoals_stone_sculpture_thing,
          nicolae_shoals_kraken_intersection
Shoals:2: layout_shoals, gammafunk_ghost_necromancy
Shoals:3: layout_shoals, uniq_jorgrun
Shoals:4: shoals_end_simple, layout_shoals, serial_shops,
          nicolae_shop_mannequins, gammafunk_ghost_wrathful_warriors
Spider:1: layout_spider_delve
Spider:2: layout_cave_pods
Spider:3: layout_spider_delve, nicolae_spider_orb_run, uniq_mara
Orc:1:    layout_caves, uniq_nergalle, uniq_gastronok
Orc:2:    st_orc_congregation, layout_caves, roderic_batcave
Elf:1:    nicolae_elf_arrival_no_cutting_in_line, layout_geoelf_grid,
          minmay_elf_sorcery
Elf:2:    elven_hall_of_blades_hangedman_original [nicolae_blade_bullseye],
          layout_loops_cross, serial_shops, nicolae_shop_crystal, uniq_louise

Skill      XL: |  1  2  3  4  5  6  7  8  9 10 11 12 13 14 15 16 17 18 |
---------------+-------------------------------------------------------+-----
Conjurations   | 1 2 3 4 5 7 |  7.2
Air Magic      | 3 4 5 7 8 9 11 12 13 | 13.0
Spellcasting   | 3 4 5 6 8 9 11 12 | 12.0
Fighting       | 5 8 10 11 12 13 | 13.1
Dodging        | 4 5 7 8 |  8.0
Translocations | 3 4 6 7 |  7.0
Polearms       | 6 7 8 9 10 12 | 12.0
Armour         | 5 6 7 10 11 | 11.9
Ice Magic      | 4 7 9 12 | 12.0
Shields        | 2 5 8 10 | 10.2
Stealth        | |  1.4

Action                     |  1- 3 |  4- 6 |  7- 9 | 10-12 | 13-15 | 16-18 || total
---------------------------+-------+-------+-------+-------+-------+-------++-------
  Melee: Whip              |    67 |     2 |       |       |       |       ||    69
         Headbutt          |     9 |     5 |     9 |    14 |   131 |    90 ||   258
         Flail             |       |    38 |    10 |       |       |       ||    48
         Spear             |       |       |    49 |       |       |       ||    49
         Punch             |       |       |     1 |       |       |       ||     1
         Trident           |       |       |       |    94 |    73 |       ||   167
         Demon trident     |       |       |       |       |   539 |   767 ||  1306
   Cast: Shock             |    46 |    99 |    27 |    25 |       |       ||   197
         Static Discharge  |    10 |    12 |     6 |     6 |     2 |       ||    36
         Airstrike         |       |     1 |    84 |   314 |   461 |   543 ||  1403
         Blink             |       |       |       |     1 |       |       ||     1
         Swiftness         |       |       |       |       |     4 |     3 ||     7
         Freezing Cloud    |       |       |       |       |    36 |    84 ||   120
         Conjure Ball Ligh |       |       |       |       |       |     4 ||     4
         Ozocubu's Refrige |       |       |       |       |       |     9 ||     9
  Evoke: Wand              |       |       |       |     2 |     7 |     7 ||    16
         Tin of tremorston |       |       |       |     1 |     4 |     3 ||     8
         Phial of floods   |       |       |       |       |     1 |     1 ||     2
         Phantom mirror    |       |       |       |       |     1 |     1 ||     2
    Use: Scroll            |       |       |     8 |     6 |    15 |    11 ||    40
         Potion            |       |       |       |     6 |    18 |    11 ||    35
   Stab: Sleeping          |     2 |     1 |       |       |     2 |       ||     5
         Invisible         |       |       |       |       |     2 |       ||     2
 Armour: Robe              |    73 |   131 |    54 |    32 |       |       ||   290
         Steam dragon scal |       |       |       |   132 |   107 |       ||   239
         Troll leather arm |       |       |       |       |   427 |       ||   427
         Quicksilver drago |       |       |       |       |   122 |   941 ||  1063
         Skin              |       |       |       |       |       |     3 ||     3
  Dodge: Dodged            |    42 |    67 |    39 |    94 |   304 |   132 ||   678
  Block: Kite shield       |       |       |       |       |   131 |   444 ||   575
         Reflection        |       |       |       |       |    14 |    36 ||    50
